 Dungeon Sprint DCSS version 0.22.1-1-ga44c0e56f4 (webtiles) character file.

119 MuseOD the Covert (level 4, -5/25 HPs)
             Began as a Spriggan Enchanter on Sept 23, 2018.
             Slain by a neqoxec (8 damage)
             ... in the Dungeon (Sprint II: "The Violet Keep of Menkaure").
             The game lasted 00:00:23 (34 turns).

MuseOD the Covert (Spriggan Enchanter)                Turns: 34, Time: 00:00:23

Health: -5/25      AC:  2    Str:  4      XL:     4   Next: 73%
Magic:  9/9        EV: 18    Int: 14 (17) God:
Gold:   0          SH:  0    Dex: 14      Spells: 7/8 levels left

rFire    . . .     SeeInvis +   a - +1 dagger
rCold    . . .     Gourm    .   (shield restricted)
rNeg     . . .     Faith    .   b - +0 robe
rPois    .         Spirit   .   (helmet restricted)
rElec    .         Reflect  .   (no cloak)
rCorr    .         Harm     .   (gloves unavailable)
MR       .....     NoTele   +   (boots unavailable)
Stlth    ++++......             (no amulet)
HPRegen  0.08/turn              (no ring)
MPRegen  0.11/turn              (no ring)

@: berserk cooldown, hasted and slowed, very quick
A: very small, unfitting armour, see invisible, clumsy 1, deterioration 1,
herbivore, speed 3, slow metabolism 2
a: no special abilities


You were in the Dungeon.
You were not hungry.

You visited 1 branch

Inventory:

Hand Weapons
 a - a +1 dagger (weapon)
Armour
 b - a +0 robe (worn)
Scrolls
 j - a scroll of blinking
Potions
 e - a potion of curing
 h - 2 potions of magic
Comestibles
 d - a ration


   Skills:
 + Level 3.6 Fighting
 * Level 7.3 Short Blades
 - Level 3.0 Dodging
 + Level 8.6 Stealth
 - Level 2.6 Spellcasting
 - Level 3.6 Hexes


You had 7 spell levels left.
You knew the following spells:

 Your Spells              Type           Power        Failure   Level  Hunger
a - Corona                Hex            ##.....      4%          1    #......

Your spell library contained the following spells:

 Spells                   Type           Power        Failure   Level  Hunger
 Ensorcelled Hibernation  Hex/Ice        #.....       16%         2    ###....
 Confuse                  Hex            ##......     16%         3    ###....
 Tukima's Dance           Hex            ##......     16%         3    ###....
 Dazzling Spray           Conj/Hex       #.....       32%         3    ###....


Dungeon Overview and Level Annotations

Branches:
Dungeon (1/1)

Altars:


Innate Abilities, Weirdness & Mutations

You are very small and have problems with some larger weapons.
You are too small for most types of armour.
You have supernaturally acute eyesight. (SInv)
You are a herbivore.
You cover ground extremely quickly.
You need to consume almost no food.
You are clumsy. (Dex -2)
Your body sometimes deteriorates upon taking damage.


Message History

Your base attributes are Str 4, Int 16, Dex 16.
Increase (S)trength, (I)ntelligence, or (D)exterity?
You feel clever.
You have reached level 4!
Unknown command.
You are no longer berserk.
You are exhausted.
You feel yourself slow down. The neqoxec gestures at you.
You feel dopey. Something feeds on your intellect!
You feel much better. The neqoxec hits you! x2
Ouch! That really hurt!
* * * LOW HITPOINT WARNING * * *
The neqoxec gestures.
You feel yourself speed up. The neqoxec gestures at you.
Something tries to feed on your intellect!
You closely miss the neqoxec. The neqoxec hits you!
You die...

## ## ##.
.## .w .. #
.#w # #H
#+# .##
#.##.##.m.#
#+.<.+$#
#.##@##...#
#H #3# .##
#


335 # 55##5 ### ## You could see 3 neqoxecs, an iron imp, a crimson imp and 2
shadow imps.

Vanquished Creatures
  A neqoxec (D)
1 creature vanquished.

Notes
Turn   | Place    | Note
-------+----------+-------------------------------------------
     0 | D        | MuseOD the Spriggan Enchanter began the quest for the Orb.
     0 | D        | Reached XP level 1. HP: 9/9 MP: 5/5
     1 | D        | Noticed a merfolk siren
     4 | D        | Noticed a tyrant leech
     4 | D        | Noticed a tyrant leech
     8 | D        | Noticed a hippogriff
     8 | D        | Noticed a hippogriff
    11 | D        | Noticed a neqoxec
    11 | D        | Noticed a neqoxec
    11 | D        | Noticed a neqoxec
    11 | D        | Noticed a neqoxec
    14 | D        | Gained mutation: You are clumsy. (Dex -2) [a neqoxec]
    16 | D        | Noticed an iron imp
    27 | D        | Gained mutation: Your body sometimes deteriorates upon
                  | taking damage. [a neqoxec]
    30 | D        | Killed a neqoxec
    30 | D        | Reached skill level 8 in Stealth
    30 | D        | Reached XP level 2. HP: 5/17 MP: 6/6
    30 | D        | Reached XP level 3. HP: 6/21 MP: 8/8
    30 | D        | Reached XP level 4. HP: 7/25 MP: 9/9
    34 | D        | Slain by a neqoxec

Skill      XL: |  1 |
---------------+----+-----
Fighting       | 3 |  3.6
Short Blades   | 7 |  7.3
Stealth        | 8 |  8.6
Dodging        | |  3.0
Spellcasting   | |  2.6
Hexes          | |  3.6

Action                   |  1- 3 |  4- 6 || total
-------------------------+-------+-------++-------
Melee: Dagger            |    18 |     1 ||    19
  Use: Potion            |     1 |     2 ||     3
Dodge: Dodged            |     3 |       ||     3
